Map: Prion Terraces

Players

SenSei

  • Race: Zerg Zerg
  • League: Grandmaster

Miszu - Winner!

  • Race: Terran Terran
  • League: Grandmaster

VOD

Have the link to the VOD?

Description

Time

  • Played on: Feb. 14, 2016, 8:09 a.m.
  • Length: 10:15
Show
View Real Time Build Order
Export as new Build Order

SenSei Zerg 

Build Orders: Hatch First 

Get SALT Encoding   

  12  0:01  Drone  
  13  0:12  Overlord  
  13  0:17  Drone  
  14  0:30  Drone x2  
  14  0:34  Drone  
  17  0:51  Hatchery  
  17  0:54  Drone  
  17  0:58  Drone  
  18  1:09  Extractor  
  17  1:13  Spawning Pool  
  17  1:15  Drone  
  17  1:19  Drone  
  18  1:27  Drone  
  19  1:39  Overlord  
  19  1:49  Drone  
  20  2:01  Queen  
  20  2:02  Zergling x2  
  20  2:03  Queen  
  20  2:04  Zergling x2  
  26  2:11  Drone  
  26  2:12  Metabolic Boost  
  27  2:16  Drone  
  27  2:21  Drone  
  29  2:31  Drone  
  29  2:33  Drone  
  31  2:38  Drone  
  31  2:39  Queen  
  31  2:43  Drone  
  34  2:47  Overlord  
  34  2:53  Overlord  
  34  3:03  Drone, Hatchery  
  34  3:04  Drone  
  35  3:19  Zergling x14  
  37  3:33  Evolution Chamber  
  35  3:34  Evolution Chamber  
  35  3:40  Zergling x6  
  31  3:48  Zergling x2  
  32  3:57  Zergling x8  
  32  4:02  Zerg Ground Armor Level 1  
  36  4:17  Drone x4  
  40  4:27  Drone x2  
  40  4:28  Drone x3  
  45  4:34  Zergling x6  
  45  4:38  Zergling x2  
  42  4:39  Zergling x2, Hatchery  
  42  4:42  Zergling x2  
  43  4:47  Zerg Melee Weapons Level 1  
  43  4:50  Zergling x4  
  43  4:52  Zergling x2  
  46  4:54  Zergling x2  
  47  5:00  Zergling x6  
  50  5:12  Zergling x8  
  48  5:14  Zergling x2  
  48  5:15  Zergling x6  
  50  5:22  Drone  
  50  5:23  Drone  
  50  5:25  Zergling x8  
  50  5:26  Zergling x2  
  57  5:31  Spore Crawler  
  57  5:35  Zergling x6  
  49  5:40  Spore Crawler  
  49  5:41  Drone  
  49  5:43  Drone  
  45  5:55  Zergling x16  
  53  5:57  Zergling x2  
  54  6:07  Drone  
  54  6:09  Overlord  
  54  6:11  Overlord  
  54  6:12  Queen  
  54  6:24  Baneling Nest, Lair  
  53  6:26  Drone x3  
  53  6:28  Drone x2  
  53  6:31  Drone  
  53  6:32  Drone  
  60  6:41  Drone x4  
  60  6:42  Drone  
  61  6:53  Zergling x10  
  63  7:00  Drone  
  63  7:01  Drone x2  
  66  7:02  Overlord, Drone  
  66  7:05  Overlord  
  60  7:16  Zergling x2  
  60  7:17  Zergling x14  
  60  7:20  Baneling  
  60  7:21  Baneling x6  
  60  7:22  Baneling  
  68  7:23  Baneling  
  68  7:24  Baneling  
  68  7:25  Zergling x2  
  68  7:26  Zergling x2  
  68  7:27  Zergling x2  
  68  7:29  Zergling x2  
  72  7:30  Zergling x2  
  72  7:31  Zergling x2  
  72  7:32  Zergling x2  
  72  7:33  Zergling x2  
  76  7:38  Drone  
  76  7:39  Zergling x8  
  76  7:43  Zergling x4  
  69  8:03  Zergling x22  
  73  8:09  Zergling x18  
  82  8:14  Extractor, Zergling x4  
  82  8:25  Zergling x8  
  61  8:42  Zergling x26  
  62  8:53  Zergling x8  
  64  9:01  Zergling x2  
  64  9:02  Zergling x4  
  67  9:07  Zergling x18  
  76  9:12  Zergling x6  
  79  9:24  Zergling x10  
  80  9:26  Baneling x8  
  80  9:30  Zergling x6  
  83  9:34  Overseer  
  73  9:41  Zergling x2  
  73  9:42  Zergling x18  
  73  9:45  Overseer  
  76  9:52  Zergling x2  
  75  9:53  Zergling x6  
Show
View Real Time Build Order
Export as new Build Order

Miszu Terran - Winner!

Build Orders: MMM Bio 

Get SALT Encoding   

  12  0:00  SCV  
  13  0:12  SCV  
  14  0:18  Supply Depot  
  14  0:25  SCV  
  15  0:39  SCV  
  15  0:41  Barracks  
  16  0:45  Refinery  
  16  0:54  SCV  
  17  1:04  Barracks  
  17  1:06  SCV  
  18  1:18  SCV  
  19  1:29  Reaper  
  19  1:30  Barracks  
  21  1:35  Orbital Command  
  20  1:52  Reaper  
  21  1:54  Supply Depot  
  21  1:56  Refinery  
  21  2:00  SCV  
  22  2:05  Reaper  
  23  2:15  SCV  
  23  2:20  Supply Depot  
  23  2:22  Reaper  
  25  2:28  SCV  
  26  2:33  Reaper  
  27  2:41  Reaper  
  27  2:42  SCV  
  29  2:49  Command Center  
  29  2:54  Reaper  
  29  2:57  SCV  
  31  3:05  Reaper  
  32  3:09  SCV  
  33  3:30  Reaper  
  33  3:33  Reaper  
  33  3:34  SCV  
  36  3:37  Reaper  
  37  3:49  SCV  
  38  3:58  Command Center  
  38  4:01  SCV  
  38  4:02  Reaper  
  39  4:15  Barracks Tech Lab  
  39  4:17  SCV  
  40  4:18  Orbital Command  
  40  4:20  Barracks  
  40  4:22  Barracks  
  40  4:27  Factory  
  40  4:29  SCV  
  41  4:38  Barracks Reactor  
  41  4:40  Stimpack  
  41  4:41  SCV  
  41  4:42  Barracks Tech Lab  
  41  4:44  SCV  
  42  4:53  SCV  
  42  4:56  SCV  
  42  4:58  Supply Depot  
  42  4:59  Refinery  
  44  5:00  Refinery  
  44  5:16  SCV  
  44  5:18  Marine x4  
  44  5:20  Starport, Marine x2, Factory Reactor  
  49  5:22  SCV  
  49  5:24  Orbital Command  
  49  5:28  SCV  
  48  5:35  Marine  
  48  5:36  Marine x3  
  48  5:37  SCV  
  48  5:38  Marine  
  48  5:40  SCV  
  55  5:49  SCV  
  56  5:50  Marine  
  56  5:51  SCV  
  56  5:52  SCV  
  56  5:53  Marine  
  56  5:54  Marine x3  
  56  5:56  Marine  
  64  6:01  SCV  
  64  6:02  Combat Shields  
  65  6:05  Factory Reactor  
  65  6:07  Marine  
  66  6:11  Marine x3  
  66  6:12  Marine  
  66  6:14  Marine  
  70  6:21  SCV x2  
  70  6:23  SCV  
  73  6:25  Marine  
  73  6:29  Supply Depot, Marine x2  
  73  6:30  Supply Depot, Marine  
  77  6:36  Supply Depot  
  77  6:39  Marine x2, Medivac x2, SCV x2  
  84  6:47  Orbital Command  
  84  6:50  Marine x2  
  84  6:54  Marine, Widow Mine  
  84  6:55  Widow Mine  
  84  6:56  Marine, SCV  
  84  6:58  Supply Depot, SCV  
  84  7:00  Supply Depot  
  91  7:02  Engineering Bay  
  91  7:04  Engineering Bay  
  91  7:09  SCV  
  91  7:10  SCV  
  91  7:15  SCV  
  87  7:20  Bunker  
  87  7:21  Marine, SCV  
  87  7:22  Marine x2, SCV  
  92  7:27  SCV  
  93  7:33  Marine x3, SCV, Widow Mine  
  93  7:34  Medivac  
  93  7:35  Medivac  
  105  7:38  Terran Infantry Weapons Level 1, Terran Infantry Armor Level 1  
  105  7:41  Marine  
  105  7:42  Marine  
  107  7:47  Supply Depot x3  
  105  7:54  Marine x3  
  105  7:55  Marine  
  108  7:59  Marine x2  
  108  8:03  Widow Mine  
  108  8:05  SCV x2  
  97  8:12  Marine x4  
  98  8:17  Marine x2  
  97  8:30  Marine x4  
  98  8:35  Marine x2  
  96  8:47  Marine  
  96  8:48  Marine x3, Medivac, Widow Mine x2  
  91  8:49  Medivac  
  91  8:53  Marine x2  
  103  8:57  Armory  
  103  9:05  Marine  
  103  9:06  Marine x3, Barracks x2  
  103  9:07  Barracks  
  107  9:10  Marine  
  107  9:11  Marine  
  107  9:16  Refinery, Widow Mine x2  
  109  9:18  Medivac  
  109  9:19  Refinery  
  109  9:21  Factory  
  109  9:23  Marine x2  
  109  9:24  Marine x2  
  116  9:28  Marine x2  
  119  9:41  Marine x4  
  121  9:46  Marine x2  
Tags
 
Add a new tag
Caveats
  • Supply blocks, unpowered buildings, or Contaminate may cause inaccurate times.
  • Supply counts are checked every 10 seconds.